 Dungeon Crawl Stone Soup version 0.20.1-1-g8b1a95d (webtiles) character file.

13617 grizmgrazm2 the Unseen (level 11, -22/69 HPs)
             Began as a Vampire Enchanter on Oct 1, 2017.
             Was a Priest of Ashenzari.
             Blown up by a great orb of eyes (42 damage)
             ... with a disintegration bolt
             ... on level 10 of the Dungeon.
             The game lasted 00:57:07 (16586 turns).

grizmgrazm2 the Unseen (Vampire Enchanter)         Turns: 16586, Time: 00:57:08

Health: -22/69     AC:  0    Str: 12    XL:     11   Next: 77%
Magic:  20/23      EV: 25    Int: 20    God:    Ashenzari [***...]
Gold:   582        SH:  3    Dex: 21    Spells: 8/27 levels left

rFire    . . .     SeeInvis +   (weapon currently unavailable)
rCold    + . .     Gourm    .   (shield currently unavailable)
rNeg     + + .     Faith    .   (armour currently unavailable)
rPois    +         Spirit   .   (helmet currently unavailable)
rElec    .         Reflect  +   (cloak currently unavailable)
rCorr    .         Harm     .   (gloves currently unavailable)
MR       +....                  (boots currently unavailable)
Stlth    +++++++++.             h - +3 amulet of reflection (curse)
Regen    0.1/turn               (ring currently unavailable)
MPRegen  0.2/turn               (ring currently unavailable)

@: mighty, bat-form, flying, regenerating slowly, very quick
A: fangs 3, see invisible
a: End Transformation, Curse Item, Scrying, Renounce Religion


You were on level 10 of the Dungeon.
You worshipped Ashenzari.
Ashenzari was most pleased with you.
You were near bloodless.
You were in vampire-bat-form.
You visited 3 branches of the dungeon, and saw 13 of its levels.
You also visited: Sewer and Ossuary.

You collected 670 gold pieces.
You spent 88 gold pieces at shops.

Inventory:

Hand Weapons
 a - a +2 dagger
 q - a cursed +3 dagger of electrocution (melded)
 C - a +2 dagger of venom
Armour
 b - a cursed +1 hat (melded)
 l - a cursed +2 robe (melded)
 m - a cursed +1 cloak (melded)
 y - a cursed +0 pair of gloves (melded)
Jewellery
 h - a cursed +3 amulet of reflection (around neck)
 w - a cursed ring of wizardry (melded)
 x - a cursed ring of protection from magic (melded)
Wands
 d - a wand of paralysis (3/24)
 e - a wand of scattershot (5/9)
 f - a wand of random effects (28/48)
 n - a wand of polymorph (8/24)
 p - a wand of disintegration (17/24)
 v - a wand of disintegration (16/24)
 G - a wand of confusion (19/48)
 J - a wand of polymorph (15/24)
Scrolls
 g - 9 scrolls of teleportation
 r - 4 scrolls of fear
 t - 2 scrolls of fog
 A - a scroll of remove curse
 D - a scroll of identify
Potions
 i - 4 potions of curing
 j - 4 potions of brilliance
 k - 15 potions of blood
 u - 2 potions of agility
 E - a potion of magic
 F - 2 potions of haste
Books
 c - a book of Maledictions

   Spells                             Type                      Level
   a - Corona                         Hexes                        1
   b - Ensorcelled Hibernation        Hexes/Ice                    2
   c - Confuse                        Hexes                        3
   d - Tukima's Dance                 Hexes                        3
   e - Dazzling Spray                 Conjuration/Hexes            3
 o - a book of Misfortune

   Spells                             Type                      Level
   a - Confusing Touch                Hexes                        1
   b - Confuse                        Hexes                        3
   c - Gell's Gravitas                Translocation                3
   d - Petrify                        Transmutation/Earth          4
   e - Metabolic Englaciation         Hexes/Ice                    5
   f - Yara's Violent Unravelling     Hexes/Transmutation          5
 H - a book of Changes

   Spells                             Type                      Level
   a - Beastly Appendage              Transmutation                1
   b - Sticks to Snakes               Transmutation                2
   c - Spider Form                    Transmutation/Poison         3
   d - Ice Form                       Ice/Transmutation            4
   e - Blade Hands                    Transmutation                5


   Skills:
 - Level 0.5 Fighting
 + Level 5.7(8.6) Short Blades
 + Level 4.0(5.7) Dodging
 + Level 17.5(18.9) Stealth
 + Level 8.8 Spellcasting
 + Level 12.3(14.8) Hexes
 - Level 5.7(8.7) Ice Magic


You had 8 spell levels left.
You knew the following spells:

 Your Spells              Type           Power        Failure   Level  Hunger
a - Ensorcelled Hibernat  Hex/Ice        ######       1%          2    None
b - Confuse               Hex            ######..     1%          3    None
c - Tukima's Dance        Hex            ######..     1%          3    None
d - Metabolic Englaciati  Hex/Ice        ######....   1%          5    #####..
e - Corona                Hex            ######.      1%          1    None
f - Yara's Violent Unrav  Hex/Tmut       #####.....   10%         5    #####..


Dungeon Overview and Level Annotations

Branches:
Dungeon (10/15)            Temple (1/1) D:7            Lair (2/6) D:9
  Swamp (0/4) Lair:2          Orc (0/2) D:9
  Snake: Lair:2-4    Spider: Lair:2-4

Altars:
Ashenzari
Cheibriados
Dithmenos
Elyvilon
Fedhas
Gozag
Hepliaklqana
Kikubaaqudgha
Makhleb
Nemelex Xobeh
Okawaru
Qazlal
Ru
Sif Muna
Trog
Uskayaw
Vehumet
Xom
Yredelemnul
Zin
The Shining One

Shops:
D:7 *   D:9 [

Annotations:
D:10 2 runed doors


Innate Abilities, Weirdness & Mutations

You heal slowly.
You have razor-sharp teeth.
You have supernaturally acute eyesight. (SInv)
((You can survive without breathing.))


Message History

This wand has 16 charges left.
The great orb of eyes bites you.
The crimson imp blinks!
You feel very mighty all of a sudden. The great orb of eyes misses you.
You feel better. The great orb of eyes bites you!!
* * * LOW HITPOINT WARNING * * *
You turn into a vampire bat.
Your cursed +3 dagger of electrocution melds into your body.
Your cursed +1 cloak melds into your body.
Your cursed +1 hat melds into your body.
Your cursed +0 pair of gloves melds into your body.
Your cursed +2 robe melds into your body.
Your cursed ring of protection from magic melds into your body.
Your cursed ring of wizardry melds into your body.
Your cursed +3 dagger of electrocution stops crackling.
The great orb of eyes barely misses you.
The great orb of eyes gazes at you.
You are blasted!
Ouch! That really hurt!
You die...

.....##...# #.#....#####.###.##
#.....)...# #.#####..##'##Q.###
###.......##
#.#[.......##..##=. #
#...###..# #.#########..###..#
###..##
##.####.#.)....G.####..##
##....##
####.#.#####..###....##
.......###..#...#....###...####
........##..##..#..###...###
..#...........#.b###...#..#
..##.........##......###.## ,
#.##...#.....####..#...#..# ***
#.##...#...............#..#
,#.#
#..##.........###.####.#..#
..## #............##
##..##...####...#
.........##...# #......##
#...#, ..#####..###..##
#.....## #..# ..#
##.####..###....######.#* *


You could see a great orb of eyes.

Vanquished Creatures
  Harold (Lair:2)
  A two-headed ogre (D:9)
  A death yak (Lair:1)
  A tengu warrior (D:10)
  The ghost of arta the Firebug, a novice HuFE of Vehumet (D:7)
  The ghost of ceb the Bolt Thrower, a novice DsHu (D:6)
  An elephant (Lair:2)
  A spiny frog (Lair:1)
  A komodo dragon (Lair:2)
  A rime drake (Lair:1)
  A troll (D:10)
  A queen bee (D:8)
  Prince Ribbit (D:7)
  4 hippogriffs
  A slime creature (D:10)
  Sigmund (D:2)
  A yak (Lair:2)
  A wyvern (D:10)
  A basilisk (Lair:1)
  A hungry ghost (D:10)
  3 swamp worms (Lair:2)
  2 water moccasins (Lair:1)
  A hell hound (D:9)
  8 porcupines (Lair:2)
  2 sky beasts
  Purgy (Sewer)
  A hornet zombie (D:8)
  3 orc warriors
  A phantom (D:5)
  3 ogres
  3 centaurs
  4 crocodiles
  10 bullfrogs
  2 scorpions (D:7)
  17 killer bees (D:8)
  7 wights
  3 howler monkeys
  3 electric eels (Lair:2)
  6 crimson imps
  3 bullfrog zombies
  2 bullfrog skeletons (D:4)
  2 centaur zombies
  7 hounds
  A centaur skeleton (D:5)
  A jelly (D:9)
  Jessica (D:2)
  3 iguanas
  7 worker ants
  8 orc wizards
  5 big kobold zombies (Ossuary)
  A hound zombie (D:4)
  5 mummies
  A howler monkey zombie (D:7)
  11 gnolls
  5 adders
  An adder skeleton (D:4)
  An adder zombie (D:9)
  2 worms (D:2)
  2 dart slugs
  7 leopard geckos
  43 orcs
  10 bats
  10 giant cockroaches
  9 goblins
  7 hobgoblins
  16 jackals
  10 kobolds
  6 quokkas
  3 ball pythons
  8 frilled lizards
  2 hobgoblin zombies (Ossuary)
  A leopard gecko skeleton (D:6)
  2 orc zombies (D:7)
  2 quokka skeletons (D:4)
  9 rats
317 creatures vanquished.

Vanquished Creatures (collateral kills)
  A hell hound (D:9)
  2 crimson imps (D:9)
  3 orc wizards
  3 gnolls (D:8)
  2 orcs (D:9)
11 creatures vanquished.

Vanquished Creatures (others)
  A dancing weapon (D:8)
1 creature vanquished.

Grand Total: 329 creatures vanquished

Notes
Turn   | Place    | Note
-------+----------+-------------------------------------------
     0 | D:1      | grizmgrazm2 the Vampire Enchanter began the quest for the Orb.
     0 | D:1      | Reached XP level 1. HP: 13/13 MP: 3/3
   201 | D:1      | Reached XP level 2. HP: 16/19 MP: 3/5
   205 | D:1      | Learned a level 2 spell: Ensorcelled Hibernation
   711 | D:1      | Reached skill level 5 in Hexes
  1232 | D:1      | Reached skill level 5 in Stealth
  1642 | D:2      | Reached XP level 3. HP: 24/24 MP: 3/6
  1647 | D:2      | Learned a level 3 spell: Confuse
  1791 | D:2      | Noticed Jessica
  1802 | D:2      | Killed Jessica
  1802 | D:2      | Reached skill level 1 in Ice Magic
  1965 | D:2      | Reached XP level 4. HP: 30/30 MP: 7/7
  2126 | D:2      | Reached skill level 6 in Stealth
  3042 | D:3      | Reached XP level 5. HP: 33/36 MP: 1/8
  3309 | D:3      | Found a sacrificial altar of Ru.
  4193 | D:3      | Noticed an ogre
  4780 | D:4      | Reached skill level 7 in Stealth
  4780 | D:4      | Reached XP level 6. HP: 42/42 MP: 10/10
  4788 | D:4      | Found a glowing drain.
  4831 | Sewer    | Entered a sewer
  4960 | Sewer    | Noticed Purgy
  4964 | Sewer    | Killed Purgy
  5059 | Sewer    | Learned a level 3 spell: Tukima's Dance
  5442 | D:4      | Reached skill level 8 in Stealth
  5739 | D:5      | Entered Level 5 of the Dungeon
  5794 | D:5      | Reached XP level 7. HP: 47/47 MP: 5/12
  6127 | D:5      | Reached skill level 9 in Stealth
  7215 | D:6      | Reached XP level 8. HP: 35/53 MP: 9/14
  7603 | D:6      | Noticed ceb's ghost (novice DsHu)
  7621 | D:6      | Killed ceb's ghost
  7621 | D:6      | Reached skill level 10 in Stealth
  7621 | D:6      | Reached skill level 5 in Spellcasting
  8337 | D:2      | Noticed Sigmund
  8344 | D:2      | Killed Sigmund
  8344 | D:2      | Reached skill level 11 in Stealth
  8797 | D:6      | Reached skill level 12 in Stealth
  8797 | D:6      | Reached XP level 9. HP: 58/58 MP: 12/17
  8814 | D:6      | Found a sparkling altar of Nemelex Xobeh.
  9397 | D:7      | Noticed arta's ghost (novice HuFE)
  9402 | D:7      | Found a sand-covered staircase.
  9410 | Ossuary  | Entered an ossuary
 10303 | D:7      | Killed arta's ghost
 10714 | D:8      | Reached skill level 13 in Stealth
 10714 | D:8      | Reached skill level 10 in Hexes
 11149 | D:7      | Found Qiopiol's Assorted Antiques.
 11165 | D:7      | Reached XP level 10. HP: 64/64 MP: 15/19
 11186 | D:7      | Bought a smoky grey potion for 16 gold pieces
 11186 | D:7      | Bought a crooked ivory wand for 72 gold pieces
 11205 | D:7      | Found a staircase to the Ecumenical Temple.
 11213 | Temple   | Entered the Ecumenical Temple
 11225 | Temple   | Became a worshipper of Ashenzari the Shackled
 11426 | D:7      | Noticed Prince Ribbit
 11458 | D:7      | Killed Prince Ribbit
 11458 | D:7      | Reached skill level 5 in Short Blades
 11954 | D:8      | Reached skill level 14 in Stealth
 12594 | D:8      | Reached * piety under Ashenzari
 12809 | D:8      | Reached skill level 5 in Ice Magic
 12843 | D:8      | Found a glowing golden altar of the Shining One.
 13077 | D:9      | Found a staircase to the Orcish Mines.
 13155 | D:9      | Found a staircase to the Lair.
 13217 | D:9      | Found Yruda's Antique Armour Shop.
 13349 | D:9      | Noticed a two-headed ogre
 13360 | D:9      | Killed a two-headed ogre
 13866 | D:9      | Reached ** piety under Ashenzari
 13926 | Lair:1   | Entered Level 1 of the Lair of Beasts
 13944 | Lair:1   | Reached skill level 15 in Stealth
 14411 | Lair:1   | Reached XP level 11. HP: 69/69 MP: 15/22
 14836 | Lair:2   | Noticed Harold
 14890 | Lair:2   | Killed Harold
 14979 | Lair:2   | Reached *** piety under Ashenzari
 15034 | Lair:2   | Found a staircase to the Swamp.
 15169 | Lair:2   | Reached skill level 16 in Stealth
 15287 | Lair:2   | Noticed a death yak
 15287 | Lair:2   | Noticed a death yak
 15290 | Lair:2   | Noticed a death yak
 15294 | Lair:2   | Noticed a death yak
 15360 | Lair:1   | Learned a level 5 spell: Metabolic Englaciation
 15369 | Lair:1   | Learned a level 5 spell: Yara's Violent Unravelling
 15561 | Lair:1   | Killed a death yak
 15603 | D:10     | Entered Level 10 of the Dungeon
 16124 | D:10     | Noticed a tengu warrior
 16125 | D:10     | Noticed an orc knight
 16126 | D:10     | Reached skill level 17 in Stealth
 16426 | D:10     | Found a runed door.
 16427 | D:10     | Noticed a tengu warrior
 16428 | D:10     | Noticed an ice dragon
 16428 | D:10     | Noticed a great orb of eyes
 16429 | D:10     | Found a runed door.
 16429 | D:10     | Found a runed door.
 16509 | D:10     | Killed a tengu warrior
 16509 | D:10     | Identified the +5 scale mail of the Orb Guardian {rCorr Str+2 Stlth+} (You took it off a tengu warrior on level 10 of the Dungeon)
 16586 | D:10     | Blown up by a great orb of eyes

Skill      XL: |  1  2  3  4  5  6  7  8  9 10 11 |
---------------+----------------------------------+-----
Hexes          | 5 6 7 8 10 11 12 | 12.3
Stealth        | 5 6 7 8 9 12 13 15 17 | 17.5
Ice Magic      | 1 2 3 4 5 |  5.7
Short Blades   | 2 3 4 5 |  5.7
Spellcasting   | 3 4 5 6 7 8 |  8.8
Dodging        | 3 4 |  4.0
Fighting       | |  0.5

Action                   |  1- 3 |  4- 6 |  7- 9 | 10-12 || total
-------------------------+-------+-------+-------+-------++-------
Melee: Dagger            |    69 |   167 |   202 |   156 ||   594
       Bite              |     6 |     4 |     8 |     5 ||    23
 Cast: Corona            |    12 |     4 |     1 |       ||    17
       Ensorcelled Hiber |    15 |    70 |    71 |    93 ||   249
       Confuse           |       |     5 |    50 |    25 ||    80
       Tukima's Dance    |       |       |     1 |     3 ||     4
Invok: Curse Item        |       |       |       |     7 ||     7
 Abil: Bat Form          |       |     4 |     2 |     4 ||    10
       End Transformatio |       |     4 |     2 |     3 ||     9
Evoke: Wand              |       |       |       |    12 ||    12
  Use: Potion            |     1 |     5 |     7 |    14 ||    27
       Scroll            |     3 |    11 |    16 |    14 ||    44
 Stab: Sleeping          |    17 |    64 |    63 |    92 ||   236
       Confused          |       |     1 |    23 |    13 ||    37
       Distracted        |       |       |     1 |       ||     1
Armor: Robe              |    15 |    27 |    29 |    25 ||    96
Dodge: Dodged            |    57 |   105 |    87 |    56 ||   305
Block: Other             |     5 |    21 |    23 |    11 ||    60
       Reflection        |       |       |       |     1 ||     1
